 Dungeon Crawl Stone Soup version 0.25.0-37-gb73750e0fb (webtiles) character file.

Game seed: 10072863919967268542

1161 Delamore the Fighter (level 8, 0/54 HPs)
             Began as a Gargoyle Fighter on July 9, 2020.
             Was a Follower of Okawaru.
             Killed from afar by an orc wizard (4 damage)
             ... with a magic dart
             ... on level 6 of the Dungeon.
             The game lasted 00:05:44 (6699 turns).

Delamore the Fighter (Gargoyle Fighter)             Turns: 6699, Time: 00:05:45

Health: 0/54       AC: 13    Str: 21    XL:     8   Next: 39%
Magic:  17/17      EV:  7    Int: 10    God:    Okawaru [*.....]
Gold:   342        SH: 10    Dex:  9    Spells: 7/7 levels left

rFire    . . .     SeeInvis .   q - +1 whip (vamp)
rCold    . . .     Gourm    .   c - +1 kite shield
rNeg     + . .     Faith    .   b - +0 scale mail
rPois    ∞         Spirit   .   (no helmet)
rElec    +         Reflect  .   (no cloak)
rCorr    .         Harm     .   o - +0 pair of gloves
MR       .....                  (no boots)
Stlth    ..........             j - amulet of magic regeneration
HPRegen  0.18/turn              h - ring of magical power
MPRegen  0.40/turn              (no ring)

@: slowed, very slow
A: negative energy resistance 1, electricity resistance, unbreathing,
petrification resistance, rot immunity, AC +5
a: Heroism, Renounce Religion


You were on level 6 of the Dungeon.
You worshipped Okawaru.
Okawaru was aware of your devotion.
You were not hungry.

You visited 2 branches of the dungeon, and saw 7 of its levels.

You collected 342 gold pieces.

Inventory:

Hand Weapons
 a - a +0 flail
 q - a +1 vampiric whip (weapon)
Missiles
 p - 2 poisoned darts (quivered)
 x - 3 datura-tipped darts
Armour
 b - a +0 scale mail (worn)
 c - a +1 kite shield (worn)
 o - a +0 pair of gloves (worn)
Jewellery
 h - a ring of magical power (left hand)
 i - an uncursed amulet of inaccuracy
 j - an amulet of magic regeneration (around neck)
 C - an uncursed ring of magical power
Wands
 y - a wand of polymorph (7)
Scrolls
 k - 2 scrolls of remove curse
 m - a scroll of fog {unknown}
 n - 3 scrolls of fear {unknown}
 r - 4 scrolls of teleportation {unknown}
 u - 3 scrolls of identify {unknown}
 w - a scroll of enchant armour
 B - a scroll of random uselessness {unknown}
Potions
 d - a potion of might
 e - 3 potions of resistance {unknown}
 g - a potion of invisibility {unknown}
 l - 2 potions of stabbing {unknown}
 s - a potion of degeneration {unknown}
 t - a potion of curing {unknown}
 v - a potion of brilliance {unknown}
 z - a potion of mutation {unknown}
Comestibles
 f - 12 rations


   Skills:
 + Level 8.2 Fighting
 + Level 7.1 Maces & Flails
 - Level 3.2 Armour
 - Level 3.2 Shields


You had 7 spell levels left.
You didn't know any spells.
Your spell library was empty.

Dungeon Overview and Level Annotations

Branches:
Dungeon (6/15)             Temple (1/1) D:4

Altars:
Cheibriados
Dithmenos
Elyvilon
Fedhas
Gozag
Hepliaklqana
Kikubaaqudgha
Makhleb
Nemelex Xobeh
Okawaru
Qazlal
Ru
Sif Muna
Trog
Uskayaw
Vehumet
Wu Jian
Xom
Yredelemnul
The Shining One

Shops:
D:5 (

Annotations:
D:4 exclusion: oklob plant
D:5 2 transporters, DungeonDestroyer's ghost, novice GnFi


Innate Abilities, Weirdness & Mutations

You are resistant to torment.
Your stone body is resilient. (AC +5)
You are immune to poison.
You resist negative energy. (rN+)
You are resistant to electric shocks. (rElec)
You can survive without breathing.
You are immune to petrification.
You are immune to rotting.


Message History

The orc warrior barely misses you.
An orc comes into view. It is wielding a -3 hand axe.
The orc warrior hits you with a +0 flail!
* * * LOW HITPOINT WARNING * * *
You closely miss the orc wizard.
The orc wizard is heavily wounded.
The orc wizard casts a spell at you.
You feel as though you will be slow longer.
The orc wizard points at you and mumbles some strange words.
You feel as though you will be slow longer.
You block the orc warrior's attack. The orc wizard barely misses you.
The orc wizard hits you but does no damage.
The orc wizard hits you but does no damage.
You block the orc wizard's attack.
The orc warrior hits you with a +0 flail!
* * * LOW HITPOINT WARNING * * *
The orc wizard gestures at you while chanting.
The magic dart hits you.
You die...

#### ..# #o# #.#
#o#### #oo#≈## ##
##@≈#≈###≈##
#≈.(#≈#≈#≈##
#≈#.).#≈#$#≈##
##≈#.((#...#≈##
##≈#..(#.=.#≈##
##≈#.#≈#...#≈#
#≈#.#≈#≈#.#≈#
#≈#...#≈#.#≈##
##≈#...#...#≈#####


You could see an orc warrior, an orc wizard (fast) and 2 orcs.

Vanquished Creatures
  An ice beast (D:3)
  2 phantoms
  2 centaurs
  4 scorpions (D:5)
  A bullfrog zombie (D:5)
  2 orc priests (D:5)
  A centaur skeleton (D:6)
  A hound (D:4)
  3 orc wizards
  4 worker ants
  A gnoll (D:1)
  6 adders
  An ooze (D:1)
  3 worms
  3 dart slugs
  A leopard gecko (D:3)
  23 orcs
  4 ball pythons
  6 giant cockroaches
  15 goblins
  12 hobgoblins
  6 jackals
  A quokka (D:5)
  12 bats
  3 frilled lizards
  A jackal skeleton (D:4)
  6 kobolds
  A leopard gecko skeleton (D:4)
  11 rats
137 creatures vanquished.

Vanquished Creatures (others)
  15 toadstools (D:4)
15 creatures vanquished.

Grand Total: 152 creatures vanquished

Notes
Turn   | Place    | Note
-------+----------+-------------------------------------------
     0 | D:1      | Delamore the Gargoyle Fighter began the quest for the Orb.
     0 | D:1      | Reached XP level 1. HP: 14/14 MP: 1/1
   323 | D:1      | Reached XP level 2. HP: 18/19 MP: 2/2
   843 | D:1      | Reached XP level 3. HP: 24/24 MP: 3/3
   850 | D:1      | Reached skill level 4 in Fighting
  1963 | D:2      | Reached XP level 4. HP: 30/30 MP: 4/4
  1993 | D:2      | Noticed a centaur
  2002 | D:2      | Killed a centaur
  2002 | D:2      | Reached skill level 5 in Fighting
  2002 | D:2      | Reached XP level 5. HP: 27/35 MP: 5/5
  2603 | D:2      | Found a burning altar of Makhleb.
  2872 | D:3      | Found a white marble altar of Elyvilon.
  3095 | D:3      | Noticed an ice beast
  3103 | D:3      | Killed an ice beast
  3103 | D:3      | Reached XP level 6. HP: 41/41 MP: 6/6
  4014 | D:4      | Found a hide-covered altar of Uskayaw.
  4075 | D:4      | Found a staircase to the Ecumenical Temple.
  4087 | D:4      | Reached skill level 6 in Fighting
  4087 | D:4      | Reached skill level 5 in Maces & Flails
  4103 | Temple   | Entered the Ecumenical Temple
  4295 | Temple   | Became a worshipper of Warmaster Okawaru
  4486 | D:4      | Found an ancient bone altar of Kikubaaqudgha.
  4527 | D:4      | Found a sacrificial altar of Ru.
  4689 | D:4      | Found a glowing golden altar of the Shining One.
  4710 | D:4      | Found a shadowy altar of Dithmenos.
  4710 | D:4      | Noticed a phantom
  4737 | D:4      | Killed a phantom
  4737 | D:4      | Reached XP level 7. HP: 30/47 MP: 7/7
  5149 | D:4      | Found a blossoming altar of Fedhas.
  5167 | D:4      | Noticed an oklob plant
  5422 | D:5      | Entered Level 5 of the Dungeon
  5422 | D:5      | Found a hide-covered altar of Uskayaw.
  5591 | D:5      | Reached skill level 7 in Fighting
  5720 | D:5      | Found Zusch's Antique Weapon Shop.
  5755 | D:5      | Found a transporter.
  5756 | D:5      | Noticed DungeonDestroyer's ghost (novice GnFi)
  5757 | D:5      | Found a transporter.
  5795 | D:5      | Reached * piety under Okawaru
  5873 | D:5      | Found a bloodstained altar of Trog.
  6130 | D:5      | Reached XP level 8. HP: 46/53 MP: 8/8
  6518 | D:5      | Reached skill level 8 in Fighting
  6533 | D:5      | Found an ornate altar of the Wu Jian Council.
  6699 | D:6      | Killed from afar by an orc wizard

Illustrated notes

Levels and vault maps discovered:
D:1:      lemuel_arrival_muddy, layout_loops_ring
D:2:      cheibrodos_greedy_goblins, layout_basic, lightli_temple_of_fire,
          grunt_decor_one_mirror
D:3:      layout_basic, overflow_temple_1_default, columned_hall_lemuel
D:4:      layout_gridville, eat_drink_and_be_merry_uskayaw,
          overflow_temple_1_default, grunt_dithmenos_shadows,
          old_standard_altar, nicolae_ru_great_annihilating_truth,
          minmay_temple_entry_gardened_gates, first_ration, tgw_fedhas
D:5:      old_forge, layout_basic, overflow_temple_1_default, serial_shops,
          nicolae_shop_window_shopping, gammafunk_ghost_smash, basic_altar,
          hangedman_abyss_or_decor_lesser_grid, bloody_trog
D:6:      layout_loops_ring, dk_noncrumbling_3, nicolae_water_bricks,
          minmay_a_box_with_orc_wizards_in_it, uniq_prince_ribbit1
Temple:   grunt_temple_mini_profane

Skill      XL: |  1  2  3  4  5  6  7  8 |
---------------+-------------------------+-----
Fighting       | 4 5 6 7 8 |  8.2
Maces & Flails | 3 4 5 6 7 |  7.1
Armour         | |  3.2
Shields        | |  3.2

Action                   |  1- 3 |  4- 6 |  7- 9 || total
-------------------------+-------+-------+-------++-------
Melee: Flail             |   223 |   148 |       ||   371
       Whip              |       |   151 |   308 ||   459
  Use: Scroll            |     3 |       |       ||     3
 Stab: Invisible         |       |     1 |       ||     1
       Paralysed         |       |     1 |       ||     1
       Held in net/web   |       |       |     1 ||     1
  Eat: Chunk             |     4 |     9 |     7 ||    20
Armor: Scale mail        |   156 |   182 |   167 ||   505
Dodge: Dodged            |    67 |    77 |    69 ||   213
Block: Kite shield       |   134 |   151 |   130 ||   415
